 Dungeon Crawl Stone Soup version 0.23-a0-143-g1adec7b (webtiles) character file.

36 nubinia the Grasshopper (level 3, 0/18 HPs)
             Began as a Spriggan Warper on Sept 2, 2018.
             Killed from afar by Natasha (5 damage)
             ... with a magic dart
             ... on level 2 of the Dungeon.
             The game lasted 00:08:45 (1653 turns).

nubinia the Grasshopper (Spriggan Warper)           Turns: 1653, Time: 00:08:46

Health: 0/18       AC:  3    Str:  7    XL:     3   Next: 19%
Magic:  8/8        EV: 19    Int: 15    God:
Gold:   93         SH:  0    Dex: 15    Spells: 5/7 levels left

rFire    . . .     SeeInvis +   a - +0 short sword
rCold    + . .     Gourm    .   (shield restricted)
rNeg     . . .     Faith    .   b - +0 robe
rPois    .         Spirit   .   (helmet restricted)
rElec    .         Reflect  .   g - +0 cloak
rCorr    .         Harm     .   (gloves unavailable)
MR       .....                  (boots unavailable)
Stlth    ++........             (no amulet)
HPRegen  0.06/turn              n - ring of protection from cold
MPRegen  0.11/turn              (no ring)

@: very quick
A: very small, unfitting armour, see invisible, herbivore, speed 3, slow
metabolism 2
a: no special abilities


You were on level 2 of the Dungeon.
You were not hungry.

You visited 1 branch of the dungeon, and saw 2 of its levels.

You collected 93 gold pieces.

Inventory:

Hand Weapons
 a - a +0 short sword (weapon)
 q - a +0 hunting sling
Missiles
 e - 5 tomahawks of dispersal (quivered)
 i - 17 poisoned needles
 t - 4 stones
Armour
 b - a +0 robe (worn)
 g - a +0 cloak (worn)
Jewellery
 n - a ring of protection from cold (left hand)
Scrolls
 c - a scroll of identify {unknown}
 d - 2 scrolls of blinking
 h - a scroll of enchant weapon {unknown}
 l - 3 scrolls of teleportation
 m - a scroll of fear {unknown}
 o - a scroll of remove curse {unknown}
 p - a scroll of immolation {unknown}
Potions
 j - a potion of flight {unknown}
 k - 2 potions of agility {unknown}
 r - a potion of curing {unknown}
 s - a potion of brilliance {unknown}
Comestibles
 f - 3 rations


   Skills:
 + Level 1.9 Fighting
 + Level 2.9 Short Blades
 + Level 1.0 Throwing
 + Level 4.1 Dodging
 + Level 0.4 Stealth
 + Level 2.9 Spellcasting
 + Level 4.6 Translocations


You had 5 spell levels left.
You knew the following spells:

 Your Spells              Type           Power        Failure   Level  Hunger
a - Blink                 Tloc           N/A          4%          2    ##.....

Your spell library contained the following spells:

 Spells                   Type           Power        Failure   Level  Hunger
 Gell's Gravitas          Tloc           ###.......   9%          3    ###....
 Lesser Beckoning         Tloc           ###.......   9%          3    ###....
 Teleport Other           Tloc           ###.....     9%          3    ###....
 Shroud of Golubria       Chrm/Tloc      #.........   12%         2    ##.....
 Passage of Golubria      Tloc           N/A          30%         4    #####..


Dungeon Overview and Level Annotations

Branches:
Dungeon (2/15)

Altars:
Cheibriados
Fedhas
Hepliaklqana
Kikubaaqudgha
Vehumet
Wu Jian
Xom
Zin

Annotations:
D:2 exclusion: adder, Natasha


Innate Abilities, Weirdness & Mutations

You are very small and have problems with some larger weapons.
You are too small for most types of armour.
You have supernaturally acute eyesight. (SInv)
You are a herbivore.
You cover ground extremely quickly.
You need to consume almost no food.


Message History

The worm is heavily wounded.
You hit the worm.
The worm is severely wounded.
The worm closely misses you.
You barely miss the worm.
The worm is heavily wounded.
You hit the worm.
The worm is almost dead.
The worm bites you!
Ouch! That really hurt!
* * * LOW HITPOINT WARNING * * *
You open the door.
There is an open door here.
You close the door.
Natasha, Servant of Life and Death comes into view.
Natasha hisses angrily.
Found a stone staircase leading down.
Natasha stares at you and mumbles some strange words.
The magic dart hits you!
You die...

######### #.@...h.# #
#.#####.# ####
####.#####.########...
>........h........'...
....##.###########...
..[. #.#...# ####...
....? #.#...# #..'...
#.#... #.#..)##
#.##... #.+...'#
#.##...


You could see Natasha.

Vanquished Creatures
  A dart slug (D:1)
  3 leopard geckos
  5 bats
  2 giant cockroaches
  4 goblins (D:1)
  4 hobgoblins (D:1)
  2 kobolds (D:2)
  4 frilled lizards
  5 rats
30 creatures vanquished.

Notes
Turn   | Place    | Note
-------+----------+-------------------------------------------
     0 | D:1      | nubinia the Spriggan Warper began the quest for the Orb.
     0 | D:1      | Reached XP level 1. HP: 10/10 MP: 5/5
   176 | D:1      | Reached XP level 2. HP: 15/15 MP: 6/6
   190 | D:1      | Learned a level 2 spell: Blink
   998 | D:2      | Reached XP level 3. HP: 18/18 MP: 8/8
  1479 | D:2      | Found a snail-covered altar of Cheibriados.
  1479 | D:2      | Found a hazy altar of Hepliaklqana.
  1480 | D:2      | Found an ornate altar of the Wu Jian Council.
  1480 | D:2      | Found a shimmering altar of Xom.
  1480 | D:2      | Found a glowing silver altar of Zin.
  1481 | D:2      | Found an ancient bone altar of Kikubaaqudgha.
  1481 | D:2      | Found a blossoming altar of Fedhas.
  1482 | D:2      | Found a radiant altar of Vehumet.
  1644 | D:2      | Noticed Natasha
  1653 | D:2      | Killed from afar by Natasha

Vault maps used:
D:1:      erik_arrival_triangle_medium
D:2:      grunt_temple_overflow_open, uniq_natasha

Skill      XL: |  1  2 |
---------------+-------+-----
Dodging        | 4 |  4.1
Fighting       | |  1.9
Short Blades   | |  2.9
Throwing       | |  1.0
Stealth        | |  0.4
Spellcasting   | |  2.9
Translocations | |  4.6

Action                   || total
-------------------------++-------
Melee: Short sword       ||   127
  Use: Scroll            ||     1
 Stab: Sleeping          ||     4
Armor: Robe              ||     8
Dodge: Dodged            ||    87

Table legend:
 A = Non-vault XP
 B = Vault XP
 C = Vault XP percentage of total XP
 D = Non-vault monster count
 E = Vault monster count
 F = Vault count percentage of total count
                 A         B        C        D         E       F
            +---------+---------+-------+---------+---------+-------
      Total |      52 |       0 |   0.0 |      30 |       0 |   0.0
            +---------+---------+-------+---------+---------+-------
        D:1 |      40 |       0 |   0.0 |      23 |       0 |   0.0
        D:2 |      12 |       0 |   0.0 |       7 |       0 |   0.0
            +---------+---------+-------+---------+---------+-------
